 Dungeon Crawl Stone Soup version 0.16-a0-3049-g2a447e9 (webtiles) character file.

143 Kemay the Insei (level 5, -1/33 HPs)
             Began as an Octopode Transmuter on Dec 9, 2014.
             Engulfed by an orc wizard's steam (2 damage)
             ... on level 3 of the Dungeon.
             The game lasted 00:09:16 (2353 turns).

Kemay the Insei (Octopode Transmuter)               Turns: 2353, Time: 00:09:16

Health: -1/33      AC:  1    Str:  9    XL:     5   Next: 25%
Magic:  9/9        EV: 13    Int: 16    God:
Gold:   185        SH:  0    Dex: 13    Spells: 1 memorised, 7 levels left

rFire  . . .     SeeInvis .       - Unarmed
rCold  . . .     Clarity  .     (no shield)
rNeg   . . .     SustAb   .     (helmet restricted)
rPois  .         Gourm    .     (no amulet)
rElec  .         Spirit   .     (no ring)
rCorr  .         Warding  .     (no ring)
rMut   .         Stasis   .     (no ring)
MR     .....                    (no ring)
Stlth  +++.......               (no ring)
                                (no ring)
                                (no ring)
                                (no ring)

@: confused, appendage (expiring), not resistant to hostile enchantments, fairly
stealthy
A: almost no armour, amphibious, 8 rings, constrict 8, tentacle spike 3,
camouflage 1, gelatinous body 1
a: End Transformation


You were on level 3 of the Dungeon.
You were not hungry.
One of your tentacles had a temporary spike.
You visited 1 branch of the dungeon, and saw 3 of its levels.

You collected 185 gold pieces.

Inventory:

Hand weapons
 i - a +2 hunting sling
Scrolls
 k - a scroll of remove curse
 l - a scroll of magic mapping
Potions
 b - a potion of magic
 e - 2 potions of heal wounds
 f - 2 potions of mutation {unknown}
 g - a potion of restore abilities
 h - 3 potions of curing {unknown}
 m - a potion of might {unknown}
Books
 d - a book of Changes

   Spells                             Type                      Level
   a - Beastly Appendage              Transmutation                1
   b - Sticks to Snakes               Transmutation                2
   c - Spider Form                    Transmutation/Poison         3
   d - Ice Form                       Ice/Transmutation            4
   e - Blade Hands                    Transmutation                5
Comestibles
 a - a bread ration
 c - a meat ration
 n - 6 chunks of flesh
 o - a beef jerky


   Skills:
 - Level 1.0 Fighting
 * Level 2.9 Dodging
 + Level 5.3 Unarmed Combat
 - Level 2.0 Spellcasting
 - Level 2.0 Transmutations


You had 7 spell levels left.
You knew the following spells:

 Your Spells              Type           Power        Failure   Level  Hunger
a - Beastly Appendage     Trmt           #.....       10%         1    #......


Dungeon Overview and Level Annotations

Branches:
Dungeon (3/15)

Altars:
Makhleb
Sif Muna


Innate Abilities, Weirdness & Mutations

You cannot wear most types of armour.
You are amphibious.
You can wear up to eight rings at the same time.
You can use your tentacles to constrict many enemies at once.
Your skin changes colour to match your surroundings (Stealth).
Your rubbery body absorbs attacks (AC +1).
One of your tentacles bears a large vicious spike.


Message History

The orc wizard closely misses you.
You swing at nothing.
You swing at nothing.
The orc wizard misses you.
You swing at nothing.
The orc wizard casts a spell.
The orc wizard seems to speed up.
The orc wizard hits you with a dagger.
You swing at nothing.
The orc wizard casts a spell at you. The magic dart hits you!
* * * LOW HITPOINT WARNING * * *
The orc wizard points at you and mumbles some strange words.
The puff of flame misses you. The orc wizard casts a spell at you.
The magic dart hits you!
* * * LOW HITPOINT WARNING * * *
You closely miss the orc wizard.
Your tentacle spike misses the orc wizard.
The orc wizard is almost dead.
You are engulfed in a cloud of scalding steam.
You die...

...##.#........> .
.............#########..
.........###.(......((..
.............#(......#
...).........#.......#
.............#...(...#
.............#.≈o((.≈#
.............#oo≈≈≈≈≈#
#...#........#≈≈@)≈≈≈#
######.......####'####
#######.# #'# #... ...
###....# ######


You could see 2 orc wizards and an orc.

Vanquished Creatures
  Jessica (D:3)
  4 adders
  3 worms (D:2)
  2 orcs (D:3)
  8 bats
  9 hobgoblins
  2 jackals (D:1)
  2 ball pythons (D:1)
  3 giant cockroaches
  6 giant newts
  15 goblins
  8 kobolds
  7 rats
70 creatures vanquished.

Notes
Turn   | Place    | Note
--------------------------------------------------------------
     0 | D:1      | Kemay, the Octopode Transmuter, began the quest for the Orb.
     0 | D:1      | Reached XP level 1. HP: 13/13 MP: 3/3
   285 | D:1      | Reached XP level 2. HP: 13/18 MP: 2/4
   491 | D:1      | Reached skill level 4 in Unarmed Combat
   587 | D:1      | Reached XP level 3. HP: 23/23 MP: 4/6
  1342 | D:2      | Reached XP level 4. HP: 18/28 MP: 5/7
  1457 | D:2      | Reached skill level 5 in Unarmed Combat
  1856 | D:2      | Found a deep blue altar of Sif Muna.
  2036 | D:3      | Noticed Jessica
  2041 | D:3      | Killed Jessica
  2041 | D:3      | Reached XP level 5. HP: 29/33 MP: 7/9
  2149 | D:3      | Found a burning altar of Makhleb.
  2352 | D:3      | HP: 1/33 [orc wizard/magic dart (8)]
  2353 | D:3      | Engulfed by an orc wizard's steam

Action                   |  1- 3 |  4- 6 || total
-------------------------+-------+-------++-------
Melee: Unarmed           |    87 |    64 ||   151
 Fire: Hunting sling     |       |    23 ||    23
 Cast: Beastly Appendage |    21 |    10 ||    31
 Abil: End Transformatio |     3 |     1 ||     4
  Use: Scroll            |     5 |     4 ||     9
 Stab: Sleeping          |     2 |     1 ||     3
  Eat: Chunk             |     2 |     3 ||     5
